 Dungeon Crawl Stone Soup version 0.21-a0-88-g13b9641 (webtiles) character file.

65 4thArraOfDagon the Slasher (level 4, 34/34 HPs)
             Began as a Formicid Warper on June 26, 2017.
             Was a Follower of the Shining One.
             Quit the game on level 14 of the Dungeon.
             The game lasted 00:05:17 (1902 turns).

4thArraOfDagon the Slasher (Formicid Warper)        Turns: 1902, Time: 00:05:17

Health: 34/34      AC:  8    Str: 14 (16) XL:     4   Next: 35%
Magic:  7/7        EV:  6    Int: 11 (13) God:    the Shining One [*.....]
Gold:   103        SH:  0    Dex:  7 (10) Spells: 7/7 levels left

rFire    . . .     SeeInvis +   a - +0 falchion
rCold    . . .     Gourm    .   (no shield)
rNeg     . . .     Faith    .   o - +0 chain mail
rPois    .         Spirit   .   (helmet unavailable)
rElec    .         Reflect  .   (no cloak)
rCorr    .         Harm     .   (no gloves)
MR       +....                  (no boots)
Stlth    ..........             (no amulet)
HPRegen  0.11/turn              p - ring of protection from magic
MPRegen  0.10/turn              (no ring)

@: glowing
A: permanent stasis, dig shafts and tunnels, four strong arms, antennae 3
a: Dig, Shaft Self, Renounce Religion


You were on level 14 of the Dungeon.
You worshipped the Shining One.
The Shining One was aware of your devotion.
You were hungry.

You visited 1 branch of the dungeon, and saw 10 of its levels.

You collected 103 gold pieces.

Inventory:

Hand Weapons
 a - a +0 falchion (weapon)
Missiles
 e - 5 tomahawks of dispersal (quivered)
Armour
 b - a +0 leather armour
 o - a +0 chain mail (worn)
Jewellery
 p - a ring of protection from magic (left hand)
Scrolls
 d - 2 scrolls of blinking
 i - 2 scrolls of remove curse {unknown}
 j - a scroll of magic mapping {unknown}
 l - a scroll of identify {unknown}
 q - a scroll of immolation {unknown}
Potions
 h - a potion of invisibility
 k - a potion of cancellation {unknown}
 m - a potion of lignification
Books
 c - a book of Spatial Translocations

   Spells                             Type                      Level
   a - Blink                          Translocation                2
   b - Shroud of Golubria             Charms/Translocation         2
   c - Lesser Beckoning               Translocation                3
   d - Gell's Gravitas                Translocation                3
   e - Teleport Other                 Translocation                3
   f - Passage of Golubria            Translocation                4
Comestibles
 f - 2 bread rations
 g - a meat ration


   Skills:
 + Level 2.7 Fighting
 * Level 3.2 Long Blades
 - Level 1.0 Throwing
 + Level 2.1 Armour
 + Level 2.2 Dodging
 - Level 2.1 Spellcasting
   Level 2.6 Translocations


You had 7 spell levels left.
You didn't know any spells.

Dungeon Overview and Level Annotations

Branches:
Dungeon (12/15)
 Temple: D:4-7         Lair: D:8-11         Orc: D:9-12

Altars:
Cheibriados
Dithmenos
Hepliaklqana
Xom
The Shining One

Annotations:
D:3 Grinder
D:12 Nessos


Innate Abilities, Weirdness & Mutations

You cannot be hasted, slowed, berserked, paralysed or teleported.
You can dig through walls and to a lower floor.
Your four strong arms can wield two-handed weapons with a shield.
You have a pair of large antennae on your head. (SInv)


Message History

Are you sure you want to shaft yourself?
You are feeling hungry.
You begin to dig a shaft.
You continue digging a shaft.
A shaft appears beneath you!
You fall through a shaft for 3 floors!
The shaft crumbles and collapses.
You and your allies can gain power from killing the unholy and evil. 21 killer bees, a queen bee, 6 ugly things and 3 meliai come into view.
A meliai is wielding a war axe of freezing.
A meliai is wielding a vampiric war axe.
The killer bee buzzes angrily. x2; The meliai buzzes angrily.
The queen bee buzzes angrily.
The killer bee buzzes angrily. x9
The meliai buzzes angrily. x2; The killer bee buzzes angrily. x6
The red ugly thing gurgles horribly! x5
Found 15 royal jellies.
You see here a royal jelly.
Unknown command.
Unknown command.
Unknown command.
Unknown command.
Are you sure you want to abandon this character and quit the game? (Confirm with "yes".) ##+######## #.....u..y# #....y..yu+ #..y.u.yyy# +..y@yyuuy#

#y..y...y.#
#..yy.yyy.#
#.y..yyy.u#
#...yy....#
######+####


You could see 6 ugly things, a queen bee, 3 meliai and 21 killer bees.

Vanquished Creatures
  2 worker ants
  An adder (D:7)
  An orc (D:7)
  A bat (D:1)
  A goblin (D:4)
  A quokka (D:7)
  A frilled lizard (D:1)
  3 rats (D:1)
11 creatures vanquished.

Notes
Turn   | Place    | Note
-------+----------+-------------------------------------------
     0 | D:1      | 4thArraOfDagon the Formicid Warper began the quest for the Orb.
     0 | D:1      | Reached XP level 1. HP: 16/16 MP: 3/3
   220 | D:1      | You fall through a shaft!
   311 | D:3      | Noticed Grinder
   346 | D:4      | Noticed a scorpion
   365 | D:4      | Noticed a hound
   373 | D:4      | You fall through a shaft for 2 floors!
   419 | D:6      | Noticed an orc wizard
   432 | D:6      | Noticed an orc wizard
   435 | D:7      | Reached XP level 2. HP: 15/23 MP: 5/5
   513 | D:7      | Reached XP level 3. HP: 11/28 MP: 6/6
   523 | D:7      | Found a hazy altar of Hepliaklqana.
   528 | D:7      | Found a shimmering altar of Xom.
   528 | D:7      | Found a snail-covered altar of Cheibriados.
   528 | D:7      | Found a shadowy altar of Dithmenos.
   528 | D:7      | Found a glowing golden altar of the Shining One.
   538 | D:7      | Became a worshipper of the Shining One
   767 | D:7      | Noticed a steam dragon
   773 | D:7      | You fall through a shaft for 3 floors!
   773 | D:10     | Entered Level 10 of the Dungeon
  1044 | D:12     | Noticed a centaur warrior skeleton
  1313 | D:12     | Noticed Nessos
  1651 | D:11     | Reached skill level 3 in Long Blades
  1651 | D:11     | Reached XP level 4. HP: 15/34 MP: 7/7
  1891 | D:11     | Noticed a green ugly thing
  1901 | D:11     | You fall through a shaft for 3 floors!
  1901 | D:14     | Noticed a meliai
  1901 | D:14     | Noticed a queen bee
  1901 | D:14     | Noticed a meliai
  1901 | D:14     | Noticed a meliai
  1901 | D:14     | Noticed a red ugly thing
  1901 | D:14     | Noticed a red ugly thing
  1901 | D:14     | Noticed a red ugly thing
  1901 | D:14     | Noticed a red ugly thing
  1901 | D:14     | Noticed a red ugly thing
  1901 | D:14     | Reached * piety under the Shining One
  1901 | D:14     | Noticed a red ugly thing
  1902 | D:14     | Quit the game

Vault maps used:
D:1:      tarquinn_simple_flora_water_e, corexii_corridor_pit
D:2:      chequers_ecumenical_altar_simple_redux, first_bread,
          uniq_crazy_yiuf_cottage
D:3:      lemuel_doored_altar, minmay_misc_feat_plants, uniq_natasha,
          uniq_grinder
D:4:      minmay_temple_entry_glass, sigmund_army, uniq_purgy, uniq_menkaure
D:6:      serial_shops, shop, elyvilon_altar_4
D:7:      minitemple, minmay_nine_imps
D:10:     lair_entry_dummy
D:11:     minmay_orc_entry_guard_dogs, grunt_ogre_cave, okawaru_humans
D:12:     serial_shops, kennysheep_mini_moat, uniq_nessos
D:14:     david_vaults_2, serial_shops, nicolae_shop_behind_doors

Skill      XL: |  1  2  3 |
---------------+----------+-----
Dodging        | 2 |  2.2
Long Blades    | 3 |  3.2
Armour         | 2 |  2.1
Fighting       | |  2.7
Throwing       | |  1.0
Spellcasting   | |  2.1
Translocations | |  2.6

Action                   |  1- 3 |  4- 6 || total
-------------------------+-------+-------++-------
Melee: Falchion          |    73 |       ||    73
 Abil: Dig               |     5 |     1 ||     6
       Shaft Self        |     3 |     1 ||     4
  Use: Potion            |     5 |       ||     5
  Eat: Meat ration       |     1 |       ||     1
       Chunk             |       |     1 ||     1
Armor: Leather armour    |     6 |       ||     6
       Skin              |    18 |       ||    18
       Chain mail        |    18 |       ||    18
Dodge: Dodged            |    32 |       ||    32
       Rpst.: Falchion   |    11 |       ||    11
